 Dungeon Crawl Stone Soup version 0.25.1-2-g60ff931df9 (webtiles) character file.

Game seed: 12977365855879769614

1540 Erymatos the Cleaver (level 8, -16/106 HPs)
             Began as a Minotaur Berserker on Nov 10, 2020.
             Was a Priest of Trog.
             Demolished by an orc warrior
             ... wielding a +0 dire flail
              (20 damage)
             ... on level 7 of the Dungeon.
             The game lasted 00:07:13 (4987 turns).

Erymatos the Cleaver (Minotaur Berserker)           Turns: 4987, Time: 00:07:14

Health: -16/106    AC:  9    Str: 24    XL:     8   Next: 56%
Magic:  7/7        EV: 13    Int:  4    God:    Trog [***...]
Gold:   55         SH:  0    Dex: 10    Spells: 7/7 levels left

rFire    + . .     SeeInvis .   a - +0 hand axe
rCold    . . .     Gourm    .   (no shield)
rNeg     . . .     Faith    .   o - +2 ring mail {rF+}
rPois    .         Spirit   .   (helmet restricted)
rElec    .         Reflect  .   i - +0 cloak
rCorr    .         Harm     .   (no gloves)
MR       .....                  (no boots)
Stlth    ..........             (no amulet)
HPRegen  0.27/turn              (no ring)
MPRegen  0.10/turn              m - ring of stealth

@: berserking, very quick
A: retaliatory headbutt, horns 2
a: Berserk, Trog's Hand, Renounce Religion


You were on level 7 of the Dungeon.
You worshipped Trog.
Trog was most pleased with you.
You were not hungry.

You visited 1 branch of the dungeon, and saw 7 of its levels.
You also visited: Ossuary.

You collected 165 gold pieces.
You spent 110 gold pieces at shops.

Inventory:

Hand Weapons
 a - a +0 hand axe (weapon)
Armour
 b - a +0 animal skin
 h - a +0 ring mail
 i - a +0 cloak (worn)
 o - a +2 ring mail of fire resistance (worn)
Jewellery
 m - a ring of stealth (right hand)
 z - an uncursed ring of ice
 B - a +4 ring of slaying {unknown}
Wands
 u - a wand of polymorph (6)
 w - a wand of flame (17)
Scrolls
 d - 3 scrolls of teleportation {unknown}
 f - a scroll of noise {unknown}
 k - 2 scrolls of enchant armour {unknown}
 l - 2 scrolls of random uselessness {unknown}
 n - 5 scrolls of identify {unknown}
 q - a scroll of amnesia {unknown}
 s - a scroll of blinking {unknown}
 x - 3 scrolls of remove curse {unknown}
 y - a scroll of enchant weapon {unknown}
Potions
 e - 2 potions of brilliance {unknown}
 g - 2 potions of might {unknown}
 j - a potion of lignification {unknown}
 p - 2 potions of haste {unknown}
 r - a potion of resistance {unknown}
 t - 2 potions of stabbing {unknown}
 v - 3 potions of curing {unknown}
Comestibles
 c - 10 rations
 A - 3 chunks of flesh


   Skills:
 + Level 6.9 Fighting
 + Level 8.8 Axes
 + Level 6.9 Armour
 + Level 4.6 Dodging
 + Level 1.0 Stealth


You had 7 spell levels left.
You didn't know any spells.
Your spell library was empty.

Dungeon Overview and Level Annotations

Branches:
Dungeon (7/15)            Ossuary (visited)
 Temple: D:4-7

Altars:
Cheibriados
Uskayaw
Vehumet

Shops:
D:7 [*[


Innate Abilities, Weirdness & Mutations

You reflexively headbutt those who attack you in melee.
You have a pair of horns on your head.


Message History

* * * LOW HITPOINT WARNING * * *
Unknown command.
You are too injured to fight recklessly!
You are too injured to fight recklessly!
Unknown command.
You are too injured to fight recklessly!
You are too injured to fight recklessly!
You are too injured to fight recklessly!
Unknown command.
You are too injured to fight recklessly!
A red film seems to cover your vision as you go berserk!
You feel yourself moving faster!
You feel mighty!
You feel a lot more hungry.
The orc warrior hits you with a +0 dire flail!!
* * * LOW HITPOINT WARNING * * *
You slash the orc warrior! Your headbutt misses the orc warrior.
The orc warrior is moderately wounded.
You slash the orc warrior!
The orc warrior is severely wounded.
The orc warrior hits you with a +0 dire flail!!
You die...

#.# ..# ####.####
#.# # ######.# #.
#......# #.######
#.###### ##......#
#)##
........###..#####
#....o..........####
#.@............#
#..###...#)#...#
#...##...#.#...#
###.##.###.###.##
#.##.'.....+..#
#.##.###.###..#
#.##...#.#....#
#.##...#+#....#
#.##..........#


You could see an orc warrior.

Vanquished Creatures
  A hippogriff (D:7)
  Eustachio (D:6)
  Duvessa (D:5)
  A black bear (D:5)
  An ice beast (D:5)
  A sky beast (D:6)
  2 ogres
  A centaur (D:5)
  A bullfrog (D:6)
  Dowan (D:5)
  A scorpion (D:6)
  A centaur zombie (D:5)
  3 orc priests
  3 orc wizards
  A hound (D:6)
  A jelly (D:5)
  A worker ant (D:5)
  3 gnolls (D:2)
  3 adders
  A shadow imp (D:5)
  An ooze (D:1)
  3 worms
  2 leopard geckos (D:2)
  14 orcs
  2 ball pythons
  5 giant cockroaches
  6 hobgoblins
  2 quokkas
  3 bats (D:2)
  6 frilled lizards
  A goblin (D:1)
  5 kobolds
  An orc zombie (Ossuary)
  A quokka skeleton (D:7)
  7 rats
88 creatures vanquished.

Notes
Turn   | Place    | Note
-------+----------+-------------------------------------------
     0 | D:1      | Erymatos the Minotaur Berserker began the quest for the
                  | Orb.
     0 | D:1      | Reached XP level 1. HP: 19/19 MP: 0/0
   269 | D:1      | Reached XP level 2. HP: 27/27 MP: 1/1
  1113 | D:2      | Reached skill level 4 in Axes
  1121 | D:2      | Reached XP level 3. HP: 14/35 MP: 2/2
  1124 | D:2      | Reached ** piety under Trog
  1402 | D:2      | Reached XP level 4. HP: 41/41 MP: 3/3
  1471 | D:2      | Found a hide-covered altar of Uskayaw.
  1876 | D:2      | Reached skill level 5 in Fighting
  2456 | D:3      | Found a radiant altar of Vehumet.
  2457 | D:3      | Found a snail-covered altar of Cheibriados.
  2622 | D:4      | Reached XP level 5. HP: 47/48 MP: 4/4
  2659 | D:4      | You fall into a shaft and drop 1 floor!
  2659 | D:5      | Entered Level 5 of the Dungeon
  2660 | D:5      | Noticed Dowan
  2661 | D:5      | Reached skill level 5 in Axes
  2668 | D:5      | Noticed Duvessa
  2680 | D:5      | Killed Duvessa
  2680 | D:5      | Reached XP level 6. HP: 56/56 MP: 5/5
  2686 | D:5      | Killed Dowan
  3007 | D:5      | Reached skill level 6 in Axes
  3007 | D:5      | Reached skill level 5 in Armour
  3181 | D:5      | Noticed an ice beast
  3187 | D:5      | Killed an ice beast
  3187 | D:5      | Reached XP level 7. HP: 62/62 MP: 6/6
  3412 | D:5      | Reached *** piety under Trog
  3596 | D:5      | Reached skill level 7 in Axes
  4302 | D:6      | Reached XP level 8. HP: 71/71 MP: 7/7
  4452 | D:6      | Noticed Eustachio
  4487 | D:6      | Killed Eustachio
  4487 | D:6      | Reached skill level 8 in Axes
  4602 | D:6      | You fall into a shaft and drop 1 floor!
  4645 | D:7      | Found Miett's Assorted Antiques.
  4648 | D:7      | Bought a tubular ruby ring for 110 gold pieces
  4705 | D:7      | Noticed a hippogriff
  4712 | D:7      | Killed a hippogriff
  4712 | D:7      | Reached skill level 1 in Stealth
  4845 | D:7      | Found Kuiblec's Antique Armour Shoppe.
  4895 | D:7      | Found Teocs's Armour Emporium.
  4935 | D:7      | Found a sand-covered staircase.
  4941 | Ossuary  | Entered an ossuary
  4985 | D:7      | HP: 4/106 [orc warrior/+0 dire flail (20)]
  4987 | D:7      | Demolished by an orc warrior

Illustrated notes

Levels and vault maps discovered:
D:1:      roderic_octagonal_star, layout_basic
D:2:      layout_basic, overflow_temple_1_default, first_ration, minivault_14
D:3:      layout_rooms, gammafunk_temple_overflow_pools, kennysheep_nub
D:4:      layout_basic, temple_pool_b, gammafunk_ghost_smash,
          minmay_misc_feat_rugged, uniq_natasha
D:5:      black_bear_nest_2, layout_basic, hangedman_abyss_or_decor_stabs,
          uniq_duvessa
D:6:      layout_basic, uniq_eustachio
D:7:      layout_basic, serial_shops, nicolae_shop_statue_plus, shop,
          nicolae_shop_competitors_out_of_business, nicolae_shop_behind_doors,
          nicolae_ossuary_entry_plus

Skill      XL: |  1  2  3  4  5  6  7  8 |
---------------+-------------------------+-----
Fighting       | 4 5 6 |  6.9
Axes           | 4 5 6 7 8 |  8.8
Armour         | 3 4 5 6 |  6.9
Dodging        | 3 4 |  4.6
Stealth        | 1 |  1.0

Action                   |  1- 3 |  4- 6 |  7- 9 || total
-------------------------+-------+-------+-------++-------
Melee: Hand axe          |    52 |    77 |   115 ||   244
       Headbutt          |     8 |    14 |    27 ||    49
       Unarmed           |       |    15 |       ||    15
Invok: Berserk           |     1 |     3 |     2 ||     6
 Stab: Sleeping          |       |       |     1 ||     1
  Eat: Chunk             |     2 |     8 |     8 ||    18
Armor: Ring mail         |    24 |    27 |    40 ||    91
       Skin              |       |     3 |       ||     3
Dodge: Dodged            |    36 |    52 |    73 ||   161
